 Dungeon Crawl Stone Soup version 0.27-a0-25-g087482e4d5 (webtiles) character file.

Game seed: 7468614535516108658

145 DungeonDestroyer the Shield-Bearer (level 4, -1/38 HPs)
             Began as a Demigod Fighter on Jan 3, 2021.
             Slain by a gnoll
             ... wielding a +0 flail
              (8 damage)
             ... on level 3 of the Dungeon.
             The game lasted 00:03:23 (1902 turns).

DungeonDestroyer the Shield-Bearer (DgFi)           Turns: 1902, Time: 00:03:23

Health: -1/38      AC:  9    Str: 21    XL:     4   Next: 78%
Magic:  7/7        EV:  3    Int: 12    God:
Gold:   71         SH:  9    Dex: 15    Spells: 4/4 levels left

rFire    . . .     SeeInvis .   a - +1 trident
rCold    . . .     Faith    .   c - +0 kite shield
rNeg     . . .     Spirit   .   g - +0 chain mail
rPois    .         Reflect  .   (no helmet)
rElec    .         Harm     .   (no cloak)
rCorr    .         Rampage  .   (no gloves)
Will     .....                  (no boots)
Stlth    ..........             (no amulet)
HPRegen  0.12/turn              (no ring)
MPRegen  0.10/turn              (no ring)

@: constricted
A: high mp 1, mutation resistance 1, MP-powered wands
a: no special abilities


You were on level 3 of the Dungeon.
You visited 1 branch of the dungeon, and saw 3 of its levels.

You collected 71 gold pieces.

Inventory:

Hand Weapons
 a - a +1 trident (weapon)
Missiles
 f - 84 stones (quivered)
 h - 47 arrows
 k - 4 atropa-tipped darts
Armour
 c - a +0 kite shield (worn)
 e - a cursed -1 scale mail
 g - a +0 chain mail (worn)
Jewellery
 i - an uncursed amulet of guardian spirit {unknown}
Wands
 j - a wand of random effects (19)
Scrolls
 b - a scroll of enchant weapon
Potions
 d - 2 potions of might


   Skills:
 * Level 3.0 Fighting
 * Level 2.9 Polearms
 * Level 3.2 Armour
 * Level 1.4 Dodging
 * Level 0.8 Stealth
 * Level 3.2 Shields
 * Level 0.7 Spellcasting


You had 4 spell levels left.
You didn't know any spells.
Your spell library was empty.

Dungeon Overview and Level Annotations

Branches:
Dungeon (3/15)


Innate Abilities, Weirdness & Mutations

You have an increased reservoir of magic. (+10% MP)
You are somewhat resistant to further mutation.
You expend magic power (3 MP) to strengthen your wands.


Message History

Unknown command.
Found a stone staircase leading up.
There is a stone staircase leading up here.
The gnoll barely misses you. You block the ball python's attack.
The ball python grabs you.
You stop ascending the stairs.
The ball python constricts you. The gnoll hits you with a +0 flail.
* * * LOW HITPOINT WARNING * * *
Unknown command.
Unknown command.
You escape the ball python's grasp.
You block the gnoll's attack.
The ball python bites you but does no damage.
The ball python grabs you.
You stop ascending the stairs.
The ball python constricts you. You block the gnoll's attack.
Unknown command.
Unknown command.
Unknown command.
The ball python's grasp on you weakens, but your attempt to escape fails.
You block the ball python's attack. The ball python constricts you.
The gnoll hits you with a +0 flail!
You die...

##
...#############
...#<....#@g...##
.........g.S....#
.......†.lg.......
........†........#
......>..........#
.........†.!.....#
.#.......†.......#
#...............#
<.#.............##


You could see 3 gnolls, a ball python and a frilled lizard.

Vanquished Creatures
  4 adders
  3 gnolls (D:2)
  An ooze (D:2)
  A worm (D:2)
  2 dart slugs
  4 leopard geckos
  6 giant cockroaches
  10 goblins
  3 hobgoblins (D:1)
  4 jackals (D:1)
  10 bats
  A frilled lizard (D:1)
  10 kobolds
  7 rats
66 creatures vanquished.

Vanquished Creatures (others)
  A plant (D:2)
1 creature vanquished.

Grand Total: 67 creatures vanquished

Notes
Turn   | Place    | Note
-------+----------+-------------------------------------------
     0 | D:1      | DungeonDestroyer the Demigod Fighter began the quest for
                  | the Orb.
     0 | D:1      | Reached XP level 1. HP: 18/18 MP: 3/3
   137 | D:1      | Reached XP level 2. HP: 21/25 MP: 4/4
   666 | D:2      | Reached XP level 3. HP: 26/30 MP: 5/5
   882 | D:2      | Reached skill level 1 in Dodging
  1104 | D:2      | Reached XP level 4. HP: 38/38 MP: 7/7
  1766 | D:2      | Gained mutation: You are somewhat resistant to further
                  | mutation. [potion of mutation]
  1766 | D:2      | Gained mutation: You expend magic power (3 MP) to
                  | strengthen your wands. [potion of mutation]
  1902 | D:3      | Slain by a gnoll

Illustrated notes

Levels and vault maps discovered:
D:1:      wander_arrival_chamber, layout_rooms, fountainhead
D:2:      layout_basic, chequers_serial_rivers_micro_c, serial_bayou_pond_c,
          minmay_worlds_worst_comb
D:3:      layout_rooms, uniq_crazy_yiuf_cottage

Skill      XL: |  1  2  3 |
---------------+----------+-----
Polearms       | 2 |  2.9
Shields        | 3 |  3.2
Armour         | 3 |  3.2
Fighting       | 3 |  3.0
Dodging        | 1 |  1.4
Stealth        | |  0.8
Spellcasting   | |  0.7

Action                   |  1- 3 |  4- 6 || total
-------------------------+-------+-------++-------
Melee: Trident           |   153 |    77 ||   230
  Use: Scroll            |     4 |       ||     4
       Potion            |     1 |     3 ||     4
Armor: Scale mail        |    13 |       ||    13
       Chain mail        |    59 |    42 ||   101
Dodge: Dodged            |    35 |    20 ||    55
Block: Kite shield       |    78 |    54 ||   132

Table legend: (Time is in decaauts)
 A = Elapsed time spent in this place.
 B = Non-inter-level travel time spent in this place.
 C = Inter-level travel time spent in this place.
 D = Time resting spent in this place.
 E = Time spent auto-exploring this place.
 F = Levels seen in this place.
 G = Mean time per level.
                   A        B        C        D        E       F      G
               +--------+--------+--------+--------+--------+-----+--------+
         Total |   1966 |   1913 |     53 |     28 |   1397 |   3 |  655.3 |
       Dungeon |   1966 |   1913 |     53 |     28 |   1397 |   3 |  655.3 |
               +--------+--------+--------+--------+--------+-----+--------+

Top non-repeatable levels by time:
     D:2: 1199 daAuts
     D:1: 680 daAuts
     D:3: 87 daAuts
